AoeStats
← 帝国的铁汉

Arabia

509324830Analyzed
1v1 RM · 7d ago on Sep 26, 2026· 43m 41s· 2 players
Game mode
Random Map
Map size
Tiny (2 player)
Population
200
Speed
Normal
Resources
Standard
Victory
Conquest
Starting age
Dark Age
Ending age
Imperial Age
RankedLock teamsTeams togetherTeam positionsShared explorationLock speedFull tech treeHidden civsTurbo modeCheats
Victory
Defeat
🇹🇼 Franks · Taiwan
1721
+13
🇨🇳 Persians · China
1659
-13
帝国的铁汉
9:24 Loom
12:43 Feudal Age
17:49 Castle Age
15:59 Double-Bit Axe
17:34 Bloodlines
17:40 Scale Barding Armor
23:58 Husbandry
30:49 Wheelbarrow
34:00 Chain Barding Armor
35:59 Devotion
pepeshimada
6:42 Loom
8:59 Feudal Age
13:48 Double-Bit Axe
19:16 Castle Age
19:36 Scale Mail Armor
19:20 Pikeman
21:57 Town Watch
22:20 Scale Barding Armor
23:15 Squires
24:04 Chain Barding Armor
28:56 Wheelbarrow
28:50 Light Cavalry
36:28 Forging
42:43 Chain Mail Armor
43:54 Squires
Connection lost

Rejoining the realm…

Still unreachable

The connection could not be restored.

Session expired

The server has moved on; the page needs a fresh start.